 Dungeon Crawl Stone Soup version 0.23-a0-303-gfcac5dec12 (webtiles) character file.

2257 Necrophagist the Magician (level 9, -2/69 HPs)
             Began as a Gnoll Skald on Oct 8, 2018.
             Was a Believer of Okawaru.
             Slain by a killer bee (6 damage)
             ... on level 8 of the Dungeon.
             The game lasted 00:12:12 (7475 turns).

Necrophagist the Magician (Gnoll Skald)             Turns: 7475, Time: 00:12:13

Health: -2/69      AC:  9    Str: 14      XL:     9   Next: 37%
Magic:  9/18       EV: 12    Int: 18      God:    Okawaru [**....]
Gold:   247        SH:  3    Dex: 14 (15) Spells: 13/21 levels left

rFire    + . .     SeeInvis .   y - +3 hand axe (elec)
rCold    + + .     Gourm    .   (no shield)
rNeg     . . .     Faith    .   s - +2 scale mail {rC+}
rPois    .         Spirit   .   (no helmet)
rElec    .         Reflect  +   n - scarf {rC+ rF+}
rCorr    .         Harm     .   (no gloves)
MR       .....                  (no boots)
Stlth    +.........             t - +3 amulet of reflection
HPRegen  0.21/turn              (no ring)
MPRegen  0.16/turn              (no ring)

@: infused, singing
A: distributed training, fangs 1, strong nose
a: Heroism, Renounce Religion


You were on level 8 of the Dungeon.
You worshipped Okawaru.
Okawaru was pleased with you.
You were not hungry.

You visited 1 branch of the dungeon, and saw 8 of its levels.

You collected 247 gold pieces.

Inventory:

Hand Weapons
 u - a +3 whip
 y - a +3 hand axe of electrocution (weapon)
Armour
 n - a scarf of resistance (worn)
 s - a +2 scale mail of cold resistance (worn)
Jewellery
 a - a cursed ring of attention {unknown}
 t - a +3 amulet of reflection (around neck)
 B - an uncursed ring of protection from fire {unknown}
Wands
 e - a wand of clouds (2)
 p - a wand of iceblast (8)
 r - a wand of digging (11)
 D - a wand of polymorph (13)
Scrolls
 b - a scroll of vulnerability {unknown}
 f - a scroll of enchant armour
 j - 3 scrolls of teleportation
 k - 3 scrolls of remove curse
 l - 3 scrolls of noise {unknown}
 m - 2 scrolls of random uselessness {unknown}
 o - 6 scrolls of identify
 q - 2 scrolls of enchant weapon
 w - a scroll of fear {unknown}
 x - a scroll of magic mapping {unknown}
 A - a scroll of silence {unknown}
 C - a scroll of amnesia {unknown}
Potions
 c - 2 potions of brilliance {unknown}
 g - a potion of flight {unknown}
 h - a potion of heal wounds {unknown}
 i - 2 potions of curing
 v - a potion of cancellation {unknown}
 z - a potion of degeneration {unknown}
Comestibles
 d - 14 rations
 E - 7 chunks of flesh


   Skills:
 + Level 6.2 Fighting
 + Level 4.1 Short Blades
 + Level 4.1 Long Blades
 + Level 4.1 Axes
 + Level 4.1 Maces & Flails
 + Level 6.2 Polearms
 + Level 4.1 Staves
 + Level 4.1 Slings
 + Level 4.1 Bows
 + Level 4.1 Crossbows
 + Level 4.1 Throwing
 + Level 4.9 Armour
 + Level 6.2 Dodging
 + Level 4.1 Stealth
 + Level 4.1 Shields
 + Level 4.1 Unarmed Combat
 + Level 6.5 Spellcasting
 + Level 3.3 Conjurations
 + Level 3.3 Hexes
 + Level 6.5 Charms
 + Level 3.3 Summonings
 + Level 3.3 Necromancy
 + Level 3.3 Translocations
 + Level 3.3 Transmutations
 + Level 3.3 Fire Magic
 + Level 3.3 Ice Magic
 + Level 3.3 Air Magic
 + Level 3.3 Earth Magic
 + Level 3.3 Poison Magic
 + Level 4.5 Invocations
 + Level 4.1 Evocations


You had 13 spell levels left.
You knew the following spells:

 Your Spells              Type           Power        Failure   Level  Hunger
a - Infusion              Chrm           ####         3%          1    None
b - Song of Slaying       Chrm           ####....     4%          2    None
c - Shroud of Golubria    Chrm/Tloc      ###.......   9%          2    None
d - Regeneration          Chrm/Necr      ###.......   17%         3    ##.....

Your spell library contained the following spells:

 Spells                   Type           Power        Failure   Level  Hunger
 Spectral Weapon          Hex/Chrm       ###.....     17%         3    ##.....


Dungeon Overview and Level Annotations

Branches:
Dungeon (9/15)             Temple (0/1) D:5
   Lair: D:8-11         Orc: D:9-12

Altars:
Makhleb
Nemelex Xobeh
Okawaru
Qazlal
Trog
Vehumet
Xom
Yredelemnul


Innate Abilities, Weirdness & Mutations

Your experience applies equally to all skills.
You have very sharp teeth.
Your uncanny sense of smell can sniff out nearby items.


Message History

The killer bee is lightly wounded.
* * * LOW HITPOINT WARNING * * *
You feel sick.
The killer bee stings you but does no damage.
You block the killer bee's attack.
It was a potion of curing.
You feel better.
The killer bee stings you but does no damage.
The killer bee closely misses you.
You miss the killer bee.
The killer bee is lightly wounded.
The killer bee stings you but does no damage.
The killer bee stings you!
* * * LOW HITPOINT WARNING * * *
You closely miss the killer bee.
The killer bee is lightly wounded.
The killer bee completely misses you. The killer bee barely misses you.
You closely miss the killer bee.
The killer bee is lightly wounded.
The killer bee barely misses you. The killer bee stings you.
You die...

∆ .#.#...............
...................
##.#.#........###..#. .
........#### #..#.
#<#.#.....######..#.
#.###.#.#..............
...?.y........#######.#.
# #y#....## .
.##..#@#....#
.............#
#.##..#.#....#
.....#.#....# .....
.......# #..#..#.#......
................
.................
.#.%.........##


You could see a killer bee.

Vanquished Creatures
  Pikel (D:6)
  A porcupine (D:8)
  2 sky beasts
  3 phantoms
  2 centaurs
  3 bullfrogs
  A water moccasin zombie (D:6)
  A scorpion (D:4)
  2 killer bees (D:8)
  2 crimson imps
  A centaur zombie (D:8)
  A quasit (D:8)
  A hound (D:4)
  A jelly (D:8)
  Crazy Yiuf (D:5)
  3 orc priests
  Ijyb (D:4)
  An iguana (D:4)
  5 orc wizards
  A worker ant (D:6)
  A hound zombie (D:5)
  A worker ant zombie (D:5)
  4 gnolls (D:5)
  7 adders
  A river rat (D:3)
  2 oozes
  An adder skeleton (D:4)
  4 worms
  A dart slug (D:3)
  4 leopard geckos
  18 orcs
  3 ball pythons (D:3)
  7 giant cockroaches
  12 goblins
  12 hobgoblins
  8 jackals
  A quokka (D:3)
  10 bats
  6 frilled lizards
  6 kobolds
  6 rats
149 creatures vanquished.

Vanquished Creatures (others)
  A slave (D:6)
1 creature vanquished.

Grand Total: 150 creatures vanquished

Notes
Turn   | Place    | Note
-------+----------+-------------------------------------------
     0 | D:1      | Necrophagist the Gnoll Skald began the quest for the Orb.
     0 | D:1      | Reached XP level 1. HP: 20/20 MP: 6/6
   145 | D:1      | Reached XP level 2. HP: 26/26 MP: 0/7
   670 | D:2      | Reached XP level 3. HP: 23/31 MP: 9/9
   876 | D:2      | Reached skill level 5 in Spellcasting
  1107 | D:2      | Reached skill level 1 in Invocations
  1275 | D:2      | Reached skill level 1 in Short Blades
  1275 | D:2      | Reached skill level 1 in Long Blades
  1275 | D:2      | Reached skill level 1 in Axes
  1275 | D:2      | Reached skill level 1 in Maces & Flails
  1275 | D:2      | Reached skill level 1 in Staves
  1275 | D:2      | Reached skill level 1 in Slings
  1275 | D:2      | Reached skill level 1 in Bows
  1275 | D:2      | Reached skill level 1 in Crossbows
  1275 | D:2      | Reached skill level 1 in Throwing
  1275 | D:2      | Reached skill level 1 in Stealth
  1275 | D:2      | Reached skill level 1 in Shields
  1275 | D:2      | Reached skill level 1 in Unarmed Combat
  1275 | D:2      | Reached skill level 1 in Evocations
  1275 | D:2      | Reached XP level 4. HP: 36/38 MP: 7/11
  1761 | D:3      | Reached skill level 1 in Conjurations
  1761 | D:3      | Reached skill level 1 in Hexes
  1761 | D:3      | Reached skill level 1 in Summonings
  1761 | D:3      | Reached skill level 1 in Necromancy
  1761 | D:3      | Reached skill level 1 in Translocations
  1761 | D:3      | Reached skill level 1 in Transmutations
  1761 | D:3      | Reached skill level 1 in Fire Magic
  1761 | D:3      | Reached skill level 1 in Ice Magic
  1761 | D:3      | Reached skill level 1 in Air Magic
  1761 | D:3      | Reached skill level 1 in Earth Magic
  1761 | D:3      | Reached skill level 1 in Poison Magic
  1832 | D:3      | Reached XP level 5. HP: 43/43 MP: 8/12
  2832 | D:3      | Reached XP level 6. HP: 34/50 MP: 6/13
  3052 | D:3      | Found a burning altar of Makhleb.
  3052 | D:3      | Found a shimmering altar of Xom.
  3437 | D:4      | Reached skill level 5 in Fighting
  3437 | D:4      | Reached skill level 5 in Polearms
  3437 | D:4      | Reached skill level 5 in Dodging
  3754 | D:4      | Reached XP level 7. HP: 38/56 MP: 8/15
  3908 | D:4      | Found a bloodstained altar of Trog.
  4074 | D:4      | Found a stormy altar of Qazlal.
  4132 | D:4      | Learned a level 2 spell: Song of Slaying
  4135 | D:4      | Learned a level 2 spell: Shroud of Golubria
  4139 | D:4      | Learned a level 3 spell: Regeneration
  4431 | D:4      | Noticed Ijyb
  4492 | D:4      | Killed Ijyb
  4736 | D:5      | Entered Level 5 of the Dungeon
  4841 | D:5      | Found a burning altar of Makhleb.
  5443 | D:5      | Found a runed door.
  5477 | D:5      | Reached XP level 8. HP: 53/63 MP: 9/16
  5637 | D:5      | Found an iron altar of Okawaru.
  5643 | D:5      | Became a worshipper of Warmaster Okawaru
  5724 | D:5      | Found a radiant altar of Vehumet.
  5975 | D:5      | Found a staircase to the Ecumenical Temple.
  6112 | D:5      | Noticed Crazy Yiuf
  6117 | D:5      | Killed Crazy Yiuf
  6342 | D:6      | Found a basalt altar of Yredelemnul.
  6374 | D:6      | Noticed Pikel
  6404 | D:6      | Killed Pikel
  6404 | D:6      | Reached * piety under Okawaru
  6917 | D:6      | Found a sparkling altar of Nemelex Xobeh.
  7043 | D:6      | Reached XP level 9. HP: 69/69 MP: 12/18
  7134 | D:6      | You fall through a shaft for 3 floors!
  7160 | D:8      | Reached ** piety under Okawaru
  7473 | D:8      | HP: 3/69 [killer bee (8)]
  7475 | D:8      | Slain by a killer bee

Vault maps used:
D:1:      eino_arrival_tree_alley
D:3:      grunt_temple_overflow_champion_of_chaos, first_ration,
          portal_sewer_entry_e
D:4:      lemuel_coloured_pillars_altar, minmay_ruined_shrine, uniq_ijyb
D:5:      lemuel_doored_altar, okawaru_ov_weapons_minmay, temple_hall,
          basic_altar, patterned_corridor, uniq_crazy_yiuf_cottage
D:6:      kennysheep_mini_moat, basic_altar, uniq_pikel
D:8:      wad_woods_minihive
D:9:      lemuel_round_altar, due_lair_maze_entry_diamond, enter_bailey_3

Skill      XL: |  1  2  3  4  5  6  7  8  9 |
---------------+----------------------------+-----
Spellcasting   | 5 6 |  6.5
Invocations    | 1 2 3 4 |  4.5
Short Blades   | 1 2 3 4 |  4.1
Long Blades    | 1 2 3 4 |  4.1
Axes           | 1 2 3 4 |  4.1
Maces & Flails | 1 2 3 4 |  4.1
Staves         | 1 2 3 4 |  4.1
Slings         | 1 2 3 4 |  4.1
Bows           | 1 2 3 4 |  4.1
Crossbows      | 1 2 3 4 |  4.1
Throwing       | 1 2 3 4 |  4.1
Stealth        | 1 2 3 4 |  4.1
Shields        | 1 2 3 4 |  4.1
Unarmed Combat | 1 2 3 4 |  4.1
Evocations     | 1 2 3 4 |  4.1
Conjurations   | 1 2 3 |  3.3
Hexes          | 1 2 3 |  3.3
Summonings     | 1 2 3 |  3.3
Necromancy     | 1 2 3 |  3.3
Translocations | 1 2 3 |  3.3
Transmutations | 1 2 3 |  3.3
Fire Magic     | 1 2 3 |  3.3
Ice Magic      | 1 2 3 |  3.3
Air Magic      | 1 2 3 |  3.3
Earth Magic    | 1 2 3 |  3.3
Poison Magic   | 1 2 3 |  3.3
Armour         | 3 4 |  4.9
Fighting       | 5 6 |  6.2
Polearms       | 5 6 |  6.2
Dodging        | 5 6 |  6.2
Charms         | 6 |  6.5

Action                   |  1- 3 |  4- 6 |  7- 9 || total
-------------------------+-------+-------+-------++-------
Melee: Spear             |   121 |   224 |   104 ||   449
       Bite              |     9 |    18 |    28 ||    55
       Punch             |       |     1 |     3 ||     4
       Whip              |       |       |    38 ||    38
       Hand axe          |       |       |   115 ||   115
 Cast: Infusion          |     5 |    17 |    20 ||    42
       Song of Slaying   |       |       |     5 ||     5
       Shroud of Golubri |       |       |     1 ||     1
Invok: Heroism           |       |       |     1 ||     1
Evoke: Wand              |       |       |     2 ||     2
  Use: Scroll            |     5 |       |     2 ||     7
       Potion            |       |       |     1 ||     1
 Stab: Sleeping          |     3 |     6 |     1 ||    10
       Confused          |       |       |     1 ||     1
  Eat: Chunk             |     1 |     8 |     9 ||    18
       Ration            |       |       |     1 ||     1
Armor: Leather armour    |     7 |    38 |    12 ||    57
       Scale mail        |       |       |   101 ||   101
Dodge: Dodged            |    62 |   131 |   148 ||   341
Block: Other             |       |       |    21 ||    21

Table legend:
 A = Non-vault XP
 B = Vault XP
 C = Vault XP percentage of total XP
 D = Non-vault monster count
 E = Vault monster count
 F = Vault count percentage of total count
                 A         B        C        D         E       F
            +---------+---------+-------+---------+---------+-------
      Total |    1961 |    1264 |  39.2 |     129 |      20 |  13.4
            +---------+---------+-------+---------+---------+-------
        D:1 |      33 |       0 |   0.0 |      19 |       0 |   0.0
        D:2 |      73 |       0 |   0.0 |      21 |       0 |   0.0
        D:3 |     334 |      80 |  19.3 |      37 |       9 |  19.6
        D:4 |     237 |     167 |  41.3 |      18 |       5 |  21.7
        D:5 |     463 |      41 |   8.1 |      20 |       1 |   4.8
        D:6 |     366 |     617 |  62.8 |       6 |       1 |  14.3
        D:8 |     455 |     359 |  44.1 |       8 |       4 |  33.3
            +---------+---------+-------+---------+---------+-------
